| TOP OF THE 1ST |
|
Greensboro Grasshoppers batting - Pitching for Great Lakes Loons : RHP Mark McDonald
|
|
Pitching: RHP Mark McDonald
|
|
|
Batting: RHB Torquato Obawole
|
0-0: Foul Ball, location: 2F 0-1: Fly out, F8 (Line Drive, 8RD, EV 91.9 MPH)
|
|
Batting: RHB Masumitsu Sugiura
|
0-0: Ball 1-0: Foul Ball, location: 2F 1-1: Ball 2-1: Called Strike 2-2: SINGLE (Line Drive, 89M, EV 87.5 MPH)
|
|
Batting: RHB Isaiah Brockman
|
0-0: Called Strike 0-1: Ball 1-1: SINGLE (Line Drive, 8LS, EV 111.3 MPH) Masumitsu Sugiura to second
|
|
Batting: RHB Jordan Arcidez
|
0-0: Fielders Choice at 2nd, 5-4 (Groundball, 56, EV 99.4 MPH) Masumitsu Sugiura to third
|
|
Batting: RHB Jake Shelton
|
0-0: Ball 1-0: Called Strike 1-1: Swinging Strike Pickoff Throw to First - Out! 1-3
|
| Top of the 1st over - 0 runs, 2 hits, 0 errors, 1 left on base; Greensboro 0 - Great Lakes 0 |
| BOTTOM OF THE 1ST |
|
Great Lakes Loons batting - Pitching for Greensboro Grasshoppers : RHP Tim Barnett
|
|
Pitching: RHP Tim Barnett
|
|
|
Batting: RHB Ken Jenkins
|
0-0: Ball 1-0: Ball 2-0: DOUBLE (Line Drive, 89D, EV 112.5 MPH)
|
|
Batting: RHB Alex Mejia
|
0-0: Called Strike 0-1: Ball 1-1: Swinging Strike 1-2: Foul Ball, location: 2F 1-2: Reached on error, E5 (Groundball, 25, EV 81.9 MPH) Ken Jenkins to third
|
|
Batting: RHB John Piccolo
|
0-0: Ball Alex Mejia steals 2nd base 1-0: Called Strike 1-1: Fly out, F4 (Popup, 34S, EV 84.4 MPH)
|
|
Batting: LHB Alberto Chavez
|
0-0: Ball 1-0: Ball 2-0: Ball 3-0: Called Strike 3-1: Base on Balls
|
|
Batting: LHB Antonio Luis
|
0-0: Ball 1-0: Ball 2-0: Reached on error, E8 (Flyball, 8LD, EV 106.9 MPH) Ken Jenkins scores Alex Mejia scores Alberto Chavez to third
|
|
Batting: RHB Mike Sims
|
0-0: Fly out, F7 (Flyball, 7S, EV 70.6 MPH)
|
|
Batting: LHB Jim Chalk
|
0-0: Ball 1-0: Called Strike 1-1: SINGLE (Groundball, 6D, EV 109.4 MPH) Alberto Chavez scores Antonio Luis to third Runner from 3rd tries for Home, SAFE, throw by CF to home
|
|
Batting: RHB Ashton Crenshaw
|
0-0: Ball 1-0: Ball 2-0: Ball 3-0: Fly out, F4 (Popup, 34, EV 66.9 MPH)
|
| Bottom of the 1st over - 4 runs, 2 hits, 2 errors, 1 left on base; Greensboro 0 - Great Lakes 4 |
| TOP OF THE 2ND |
|
Greensboro Grasshoppers batting - Pitching for Great Lakes Loons : RHP Mark McDonald
|
|
Batting: RHB Jake Shelton
|
0-0: SINGLE (Groundball, 6MD, EV 93.8 MPH)
|
|
Batting: RHB Bob Raine
|
0-0: Called Strike 0-1: SINGLE (Line Drive, 5D, EV 107.5 MPH) Jake Shelton to second
|
|
Batting: RHB Wei-guo Tsu
|
0-0: Foul Ball, location: 2F 0-1: Called Strike 0-2: Ball 1-2: Strikes out swinging
|
|
Batting: RHB Chris Riddick
|
0-0: Ball Wild Pitch! Jake Shelton to third Bob Raine to second 1-0: Ball 2-0: Ball 3-0: Called Strike 3-1: SINGLE (Groundball, 6MD, EV 95.0 MPH) Jake Shelton scores Bob Raine to third
|
|
Batting: LHB Juan Zuniga
|
0-0: Grounds into double play, 6-4-3 (Groundball, 6, EV 76.3 MPH)
|
| Top of the 2nd over - 1 run, 3 hits, 0 errors, 1 left on base; Greensboro 1 - Great Lakes 4 |
| BOTTOM OF THE 2ND |
|
Great Lakes Loons batting - Pitching for Greensboro Grasshoppers : RHP Tim Barnett
|
|
Batting: RHB Sean Tanner
|
0-0: Called Strike 0-1: Foul Ball, location: 2F 0-2: Ball 1-2: Strikes out swinging
|
|
Batting: RHB Ken Jenkins
|
0-0: Called Strike 0-1: Ball 1-1: Ground out 4-3 (Groundball, 4, EV 79.4 MPH)
|
|
Batting: RHB Alex Mejia
|
0-0: Ball 1-0: Ball 2-0: Fly out, F5 (Popup, 25, EV 87.5 MPH)
|
| Bottom of the 2nd over - 0 runs, 0 hits, 0 errors, 0 left on base; Greensboro 1 - Great Lakes 4 |
| TOP OF THE 3RD |
|
Greensboro Grasshoppers batting - Pitching for Great Lakes Loons : RHP Mark McDonald
|
|
Batting: RHB Torquato Obawole
|
0-0: Ball 1-0: Foul Ball, location: 2F 1-1: Foul Ball, location: 2F 1-2: Foul Ball, location: 2F 1-2: Ball 2-2: Strikes out swinging
|
|
Batting: RHB Masumitsu Sugiura
|
0-0: Swinging Strike 0-1: Foul Ball, location: 2F 0-2: Ball 1-2: Ball 2-2: Ball 3-2: Base on Balls
|
|
Batting: RHB Isaiah Brockman
|
0-0: Called Strike 0-1: Grounds into double play, 4-6-3 (Groundball, 34, EV 81.3 MPH)
|
| Top of the 3rd over - 0 runs, 0 hits, 0 errors, 0 left on base; Greensboro 1 - Great Lakes 4 |
| BOTTOM OF THE 3RD |
|
Great Lakes Loons batting - Pitching for Greensboro Grasshoppers : RHP Tim Barnett
|
|
Batting: RHB John Piccolo
|
0-0: Called Strike 0-1: Called Strike 0-2: Ball 1-2: Foul Ball, location: 2F 1-2: Fly out, F8 (Flyball, 8LM, EV 88.1 MPH)
|
|
Batting: LHB Alberto Chavez
|
0-0: Ball 1-0: SOLO HOME RUN (Flyball, 9LD, EV 92.5 MPH), Distance : 352 ft
|
|
Batting: LHB Antonio Luis
|
0-0: Ball 1-0: Ball 2-0: Called Strike 2-1: Foul Ball, location: 2F 2-2: Fly out, F7 (Flyball, 7LM, EV 96.3 MPH)
|
|
Batting: RHB Mike Sims
|
0-0: Called Strike 0-1: Foul Ball, location: 2F 0-2: Ball 1-2: Ball 2-2: Ground out 4-3 (Groundball, 4M, EV 80.0 MPH)
|
| Bottom of the 3rd over - 1 run, 1 hit, 0 errors, 0 left on base; Greensboro 1 - Great Lakes 5 |
| TOP OF THE 4TH |
|
Greensboro Grasshoppers batting - Pitching for Great Lakes Loons : RHP Mark McDonald
|
|
Batting: RHB Jordan Arcidez
|
0-0: Ball 1-0: Ground out 6-3 (Groundball, 56, EV 106.3 MPH)
|
|
Batting: RHB Jake Shelton
|
0-0: Ball 1-0: Ball 2-0: Ball 3-0: Called Strike 3-1: Fly out, F7 (Line Drive, 7, EV 85.0 MPH)
|
|
Batting: RHB Bob Raine
|
0-0: Swinging Strike 0-1: Fly out, F3 (Line Drive, 3, EV 68.1 MPH)
|
| Top of the 4th over - 0 runs, 0 hits, 0 errors, 0 left on base; Greensboro 1 - Great Lakes 5 |
| BOTTOM OF THE 4TH |
|
Great Lakes Loons batting - Pitching for Greensboro Grasshoppers : RHP Tim Barnett
|
|
Batting: LHB Jim Chalk
|
0-0: SINGLE (Groundball, 4MD, EV 101.9 MPH)
|
|
Batting: RHB Ashton Crenshaw
|
0-0: 2-RUN HOME RUN (Flyball, 7LD, EV 93.1 MPH), Distance : 338 ft
|
|
Batting: RHB Sean Tanner
|
0-0: Ball 1-0: Ball 2-0: Ball 3-0: Base on Balls
|
|
Batting: RHB Ken Jenkins
|
0-0: Called Strike 0-1: Ball 1-1: Ball 2-1: Foul Ball, location: 2F 2-2: Ball 3-2: Base on Balls Sean Tanner to second
|
|
Batting: RHB Alex Mejia
|
0-0: Swinging Strike 0-1: Called Strike 0-2: TRIPLE (Line Drive, 78XD, EV 103.8 MPH) Sean Tanner scores Ken Jenkins scores
|
|
Pitching: RHP Tamirat Abboud
|
|
|
Batting: RHB John Piccolo
|
0-0: Called Strike 0-1: Ball 1-1: Ball 2-1: Ball 3-1: Called Strike 3-2: Strikes out swinging
|
|
Batting: LHB Alberto Chavez
|
0-0: Called Strike 0-1: Foul Ball, location: 2F 0-2: Ball 1-2: Ball 2-2: Strikes out looking
|
|
Batting: LHB Antonio Luis
|
0-0: Fly out, F7 (Flyball, 7, EV 91.9 MPH)
|
| Bottom of the 4th over - 4 runs, 3 hits, 0 errors, 1 left on base; Greensboro 1 - Great Lakes 9 |
| TOP OF THE 5TH |
|
Greensboro Grasshoppers batting - Pitching for Great Lakes Loons : RHP Mark McDonald
|
|
Batting: RHB Wei-guo Tsu
|
0-0: Ball 1-0: Called Strike 1-1: Swinging Strike 1-2: Fly out, F8 (Flyball, 8LXD, EV 103.1 MPH)
|
|
Batting: RHB Chris Riddick
|
0-0: Ground out 5-3 (Groundball, 56, EV 104.4 MPH)
|
|
Batting: LHB Juan Zuniga
|
0-0: Called Strike 0-1: Foul Ball, location: 2F 0-2: Ball 1-2: Ball 2-2: Reached on error, E5 (Groundball, 5, EV 91.3 MPH)
|
|
Batting: RHB Torquato Obawole
|
0-0: Ball 1-0: Called Strike 1-1: Ball 2-1: Fly out, F8 (Flyball, 8LXD, EV 85.6 MPH)
|
| Top of the 5th over - 0 runs, 0 hits, 1 error, 1 left on base; Greensboro 1 - Great Lakes 9 |
| BOTTOM OF THE 5TH |
|
Great Lakes Loons batting - Pitching for Greensboro Grasshoppers : RHP Tamirat Abboud
|
|
Batting: RHB Mike Sims
|
0-0: Called Strike 0-1: Ball 1-1: Ball 2-1: Ground out 1-3 (Groundball, P, EV 70.6 MPH)
|
|
Batting: LHB Jim Chalk
|
0-0: Ball 1-0: Ground out 4-3 (Groundball, 4, EV 86.3 MPH)
|
|
Batting: RHB Ashton Crenshaw
|
0-0: Fly out, F9 (Flyball, 9LM, EV 97.5 MPH)
|
| Bottom of the 5th over - 0 runs, 0 hits, 0 errors, 0 left on base; Greensboro 1 - Great Lakes 9 |
| TOP OF THE 6TH |
|
Greensboro Grasshoppers batting - Pitching for Great Lakes Loons : RHP Mark McDonald
|
|
Batting: RHB Masumitsu Sugiura
|
0-0: Ball 1-0: Ground out 4-3 (Groundball, 4, EV 86.9 MPH)
|
|
Batting: RHB Isaiah Brockman
|
0-0: Ball 1-0: Ball 2-0: Ball 3-0: Base on Balls
|
|
Batting: RHB Jordan Arcidez
|
0-0: Foul Ball, location: 2F 0-1: Ball 1-1: Ball 2-1: Ball 3-1: Base on Balls Isaiah Brockman to second
|
|
Batting: RHB Jake Shelton
|
0-0: Ball 1-0: Called Strike 1-1: Foul Ball, location: 2F 1-2: Ball 2-2: Strikes out swinging
|
|
Batting: RHB Bob Raine
|
0-0: Called Strike 0-1: Ball 1-1: Called Strike 1-2: Strikes out swinging
|
| Top of the 6th over - 0 runs, 0 hits, 0 errors, 2 left on base; Greensboro 1 - Great Lakes 9 |
| BOTTOM OF THE 6TH |
|
Great Lakes Loons batting - Pitching for Greensboro Grasshoppers : RHP Tamirat Abboud
|
|
Batting: RHB Sean Tanner
|
0-0: Called Strike 0-1: Swinging Strike 0-2: Foul Ball, location: 2F 0-2: Ball 1-2: Ground out 6-3 (Groundball, 6, EV 100.6 MPH)
|
|
Batting: RHB Ken Jenkins
|
0-0: Called Strike 0-1: Ball 1-1: Ball 2-1: SINGLE (Groundball, 56D, EV 99.4 MPH)
|
|
Batting: RHB Alex Mejia
|
0-0: Ball 1-0: Ball Ken Jenkins steals 2nd base 2-0: Called Strike 2-1: Foul Ball, location: 2F 2-2: Ball 3-2: Fly out, F6 (Popup, 6, EV 57.5 MPH)
|
|
Batting: RHB John Piccolo
|
0-0: Ball 1-0: SINGLE (Line Drive, 3L, EV 106.3 MPH) Ken Jenkins to third Runner from 3rd tries for Home, SAFE, throw by RF to home
|
|
Batting: LHB Alberto Chavez
|
0-0: Ball 1-0: Swinging Strike 1-1: Called Strike 1-2: Ball 2-2: SINGLE (Groundball, 34D, EV 105.0 MPH) John Piccolo to second
|
|
Pitching: LHP Matt Payne
|
|
|
Batting: LHB Antonio Luis
|
0-0: Foul Ball, location: 2F 0-1: Ground out 5-3 (Groundball, 56S, EV 68.8 MPH)
|
| Bottom of the 6th over - 1 run, 3 hits, 0 errors, 2 left on base; Greensboro 1 - Great Lakes 10 |
| TOP OF THE 7TH |
|
Greensboro Grasshoppers batting - Pitching for Great Lakes Loons : RHP Mark McDonald
|
|
Pitching: RHP George Credle
|
|
|
Batting: RHB Wei-guo Tsu
|
0-0: Fly out, F8 (Flyball, 89M, EV 90.6 MPH)
|
|
Batting: RHB Chris Riddick
|
0-0: SOLO HOME RUN (Flyball, 7D, EV 95.6 MPH), Distance : 374 ft
|
|
Batting: LHB Juan Zuniga
|
0-0: Called Strike 0-1: Fly out, F5 (Popup, 56S, EV 81.9 MPH)
|
|
Batting: RHB Torquato Obawole
|
0-0: Called Strike 0-1: SINGLE (Line Drive, 8LM, EV 90.6 MPH)
|
|
Batting: RHB Masumitsu Sugiura
|
0-0: Fly out, F9 (Flyball, 9S, EV 81.9 MPH)
|
| Top of the 7th over - 1 run, 2 hits, 0 errors, 1 left on base; Greensboro 2 - Great Lakes 10 |
| BOTTOM OF THE 7TH |
|
Great Lakes Loons batting - Pitching for Greensboro Grasshoppers : LHP Matt Payne
|
|
Batting: RHB Mike Sims
|
0-0: Foul Ball, location: 2F 0-1: Swinging Strike 0-2: Ball 1-2: Ground out 6-3 (Groundball, 6S, EV 80.6 MPH)
|
|
Batting: LHB Jim Chalk
|
0-0: Reached on error, E4 (Groundball, 4, EV 82.5 MPH)
|
|
Batting: RHB Ashton Crenshaw
|
0-0: Fielders Choice at 2nd, 3-6 (Groundball, 13, EV 86.9 MPH)
|
|
Batting: RHB Sean Tanner
|
0-0: Ball 1-0: Ball 2-0: Foul Ball, location: 2F 2-1: Foul Ball, location: 2F 2-2: Ball 3-2: Strikes out swinging
|
| Bottom of the 7th over - 0 runs, 0 hits, 1 error, 1 left on base; Greensboro 2 - Great Lakes 10 |
| TOP OF THE 8TH |
|
Greensboro Grasshoppers batting - Pitching for Great Lakes Loons : RHP George Credle
|
|
Batting: RHB Isaiah Brockman
|
0-0: Swinging Strike 0-1: Swinging Strike 0-2: Ball 1-2: Ball 2-2: Strikes out swinging
|
|
Batting: RHB Jordan Arcidez
|
0-0: Called Strike 0-1: DOUBLE (Flyball, 89D, EV 110.6 MPH)
|
|
Batting: RHB Jake Shelton
|
0-0: SINGLE (Line Drive, 7S, EV 87.5 MPH) Jordan Arcidez to third Runner from 3rd tries for Home, SAFE, throw by LF to home Jake Shelton to second
|
|
Batting: RHB Bob Raine
|
0-0: Ball 1-0: Called Strike 1-1: Swinging Strike 1-2: Ball 2-2: Strikes out swinging
|
|
Batting: RHB Wei-guo Tsu
|
0-0: Called Strike 0-1: Foul Ball, location: 2F 0-2: Ball 1-2: Ball 2-2: Fly out, F9 (Flyball, 9, EV 96.3 MPH)
|
| Top of the 8th over - 1 run, 2 hits, 0 errors, 1 left on base; Greensboro 3 - Great Lakes 10 |
| BOTTOM OF THE 8TH |
|
Great Lakes Loons batting - Pitching for Greensboro Grasshoppers : LHP Matt Payne
|
|
Pinch Hitting: RHB Jerry Sanchez
|
0-0: SINGLE (Line Drive, 8LS, EV 106.3 MPH)
|
|
Batting: RHB Alex Mejia
|
0-0: Ball Jerry Sanchez steals 2nd base 1-0: Fly out, F9 (Line Drive, 9, EV 96.3 MPH)
|
|
Pinch Hitting: RHB Jayden Copeland
|
0-0: Ground out 6-3 (Groundball, 6S, EV 93.1 MPH) Jerry Sanchez to third
|
|
Batting: LHB Alberto Chavez
|
0-0: Foul Ball, location: 2F 0-1: SINGLE (Groundball, 34D, EV 102.5 MPH) Jerry Sanchez scores
|
|
Batting: LHB Antonio Luis
|
0-0: Ball 1-0: Ball 2-0: Called Strike 2-1: Called Strike 2-2: DOUBLE (Line Drive, 3D, EV 108.1 MPH) Alberto Chavez to third Runner from 3rd tries for Home, throw by RF and OUT! 9-4-2
|
| Bottom of the 8th over - 1 run, 3 hits, 0 errors, 1 left on base; Greensboro 3 - Great Lakes 11 |
| TOP OF THE 9TH |
|
Greensboro Grasshoppers batting - Pitching for Great Lakes Loons : RHP George Credle
|
|
Now at 1B: Jayden Copeland
|
|
|
Now at SS: Jerry Sanchez
|
|
|
Batting: RHB Chris Riddick
|
0-0: Called Strike 0-1: Called Strike 0-2: Hit by Pitch
|
|
Batting: LHB Juan Zuniga
|
0-0: Ball 1-0: Foul Ball, location: 2F 1-1: Fielders Choice at 2nd, 6-4 (Groundball, 6, EV 109.4 MPH)
|
|
Batting: RHB Torquato Obawole
|
0-0: Ball 1-0: SINGLE (Groundball, P, EV 83.8 MPH) (infield hit) Juan Zuniga to second
|
|
Batting: RHB Masumitsu Sugiura
|
0-0: Ball 1-0: Fielders Choice at 2nd, 5-4 (Groundball, 56, EV 104.4 MPH) Juan Zuniga to third
|
|
Batting: RHB Isaiah Brockman
|
0-0: Ball 1-0: Called Strike 1-1: DOUBLE (Line Drive, 7LM, EV 108.8 MPH) Juan Zuniga scores Masumitsu Sugiura to third
|
|
Batting: RHB Jordan Arcidez
|
0-0: Ball 1-0: Foul Ball, location: 2F 1-1: Ball 2-1: Ground out 5-3 (Groundball, 5, EV 88.1 MPH)
|
| Top of the 9th over - 1 run, 2 hits, 0 errors, 2 left on base; Greensboro 4 - Great Lakes 11 |
|